 Dungeon Crawl Stone Soup version 0.26-a0-652-gafc20e3620 (webtiles) character file.

Game seed: 7906740327862036294

52 mobtown the Grave Robber (level 3, -3/28 HPs)
             Began as a Deep Elf Necromancer on Oct 4, 2020.
             Killed from afar by Sigmund (9 damage)
             ... with a puff of flame
             ... on level 2 of the Dungeon.
             The game lasted 00:06:53 (1790 turns).

mobtown the Grave Robber (Deep Elf Necromancer)     Turns: 1790, Time: 00:06:54

Health: -3/28      AC: 21    Str:  2 (5)  XL:     3   Next: 60%
Magic:  0/9        EV:  2    Int: 19 (20) God:
Gold:   92         SH:  0    Dex: 12 (15) Spells: 3/8 levels left

rFire    . . .     SeeInvis .   k - +1 dagger
rCold    . . .     Faith    .   (no shield)
rNeg     + + +     Spirit   .   (armour currently unavailable)
rPois    +         Reflect  .   (helmet currently unavailable)
rElec    .         Harm     .   (cloak currently unavailable)
rCorr    .         Rampage  .   (gloves currently unavailable)
MR       .....     Clarity  +   (boots currently unavailable) Stlth ++........NoTele +
                                (no amulet)
HPRegen  0.09/turn              (no ring)
MPRegen  0.11/turn              (no ring)

@: tree-form (expiring)
A: blurry vision 1, clarity
a: no special abilities


You were on level 2 of the Dungeon.
You were a tree.
You visited 1 branch of the dungeon, and saw 2 of its levels.

You collected 92 gold pieces.

Inventory:

Hand Weapons
 k - a +1 dagger (weapon)
Missiles
 c - 80 stones (quivered)
 n - 9 arrows
Armour
 a - a +0 robe (melded)
Scrolls
 d - 3 scrolls of enchant weapon
 e - a scroll of remove curse {unknown}
 f - a scroll of blinking
 g - a scroll of immolation {unknown}
 h - a scroll of noise {unknown}
 i - a scroll of teleportation
 m - 2 scrolls of identify {unknown}


   Skills:
 + Level 2.4 Dodging
 + Level 2.7 Stealth
 + Level 3.4 Spellcasting
 * Level 6.1 Necromancy


You had 3 spell levels left.
You knew the following spells:

 Your Spells              Type           Power        Failure   Level
a - Pain                  Necr           ####         1%          1
b - Vampiric Draining     Necr           ####......   3%          3
c - Animate Skeleton      Necr           ####..       1%          1

Your spell library contained the following spells:

 Spells                   Type           Power        Failure   Level
 Animate Dead             Necr           ####......   12%         4
 Agony                    Necr           ####....     32%         5


Dungeon Overview and Level Annotations

Branches:
Dungeon (2/15)

Altars:

Annotations:
D:2 Sigmund


Innate Abilities, Weirdness & Mutations

((You have a pair of small horns on your head.))
Scrolls take you a little longer to read.
You possess an exceptional clarity of mind.
((Armour fits poorly on your strangely shaped body.))


Message History

Press: ? - help, Shift-Dir - straight line Something writhes in agony.
Something hits you but does no damage.
Really read with blurry vision while enemies are nearby?
You begin reading the scroll.
You continue reading the scroll.
Something hits you but does no damage.
As you read the scroll labeled NOCVURYEMM, it crumbles to dust.
You cannot blink because you are held in place by your roots.
It was a scroll of blinking.
You aren't wearing any rings or amulets.
Really read with blurry vision while enemies are nearby?
You begin reading the scroll.
You continue reading the scroll.
Your transformation is almost over.
Something hits you but does no damage.
As you read the scroll labeled PUCO ESTRUTTEA, it crumbles to dust.
You feel a strange sense of stasis.
It was a scroll of teleportation.
You hit something.
You hear some strange, mumbled words.
A puff of flame appears from out of thin air!
The puff of flame hits you!
You die...

#.................÷##.##.......
#
#...##.............##.####.###.
###......##.#)...#......# #.#
#. #........##.#....########
##.#### ......#<.##.#....#
###...# .....##..##.#....#
#.....# #...###†.##..###.#
#.#...# #........##..# #.#
#.##### # #............###♣#
#.# ## ....###..#..#..{##
#.######.
##..#.......#.....@...#
#........
#..#.#..#....#.#####.#
######''# #.......#..#.#.#
#...... #.......#.......
#...... ####.##......###.
#..#.## #.#####.### .# #...#.#
#.# #... # # ###..#.#.


There were no monsters in sight!

Vanquished Creatures
  2 adders (D:2)
  A dart slug (D:2)
  A leopard gecko (D:1)
  2 giant cockroaches (D:2)
  5 goblins
  3 hobgoblins
  A quokka (D:2)
  4 bats (D:1)
  4 frilled lizards
  4 kobolds (D:1)
  3 rats
30 creatures vanquished.

Notes
Turn   | Place    | Note
-------+----------+-------------------------------------------
     0 | D:1      | mobtown the Deep Elf Necromancer began the quest for the
                  | Orb.
     0 | D:1      | Reached XP level 1. HP: 10/10 MP: 6/6
   187 | D:1      | Reached skill level 5 in Necromancy
   598 | D:1      | Reached XP level 2. HP: 15/15 MP: 6/8
  1091 | D:2      | Reached XP level 3. HP: 17/19 MP: 5/9
  1096 | D:2      | Learned a level 3 spell: Vampiric Draining
  1098 | D:2      | Learned a level 1 spell: Animate Skeleton
  1200 | D:2      | Reached skill level 6 in Necromancy
  1751 | D:2      | Noticed Sigmund
  1766 | D:2      | Gained mutation: Scrolls take you a little longer to read.
                  | [potion of mutation]
  1766 | D:2      | Gained mutation: Armour fits poorly on your strangely
                  | shaped body. [potion of mutation]
  1766 | D:2      | Gained mutation: You have a pair of small horns on your
                  | head. [potion of mutation]
  1766 | D:2      | Gained mutation: You possess an exceptional clarity of
                  | mind. [potion of mutation]
  1790 | D:2      | Killed from afar by Sigmund

Illustrated notes

Levels and vault maps discovered:
D:1:      dpeg_arrival_water_temple_mockup, layout_basic, serial_corexii_hall,
          corexii_hall_statues_deadend, chequers_hall_statues_corner_a,
          minmay_pentomino_p2
D:2:      minmay_spotlight, layout_loops_cross, kennysheep_generic_room_4,
          uniq_sigmund

Skill      XL: |  1  2  3 |
---------------+----------+-----
Necromancy     | 5 6 |  6.1
Dodging        | |  2.4
Stealth        | |  2.7
Spellcasting   | |  3.4

Action                   || total
-------------------------++-------
Melee: Dagger            ||    18
 Cast: Pain              ||    49
       Vampiric Draining ||     2
  Use: Scroll            ||     3
       Potion            ||     3
 Stab: Sleeping          ||     1
Armor: Skin              ||    12
Dodge: Dodged            ||     9

Table legend: (Time is in decaauts)
 A = Elapsed time spent in this place.
 B = Non-inter-level travel time spent in this place.
 C = Inter-level travel time spent in this place.
 D = Time resting spent in this place.
 E = Time spent auto-exploring this place.
 F = Levels seen in this place.
 G = Mean time per level.
                   A        B        C        D        E       F      G
               +--------+--------+--------+--------+--------+-----+--------+
         Total |   1787 |   1787 |      0 |    168 |   1408 |   2 |  893.5 |
       Dungeon |   1787 |   1787 |      0 |    168 |   1408 |   2 |  893.5 |
               +--------+--------+--------+--------+--------+-----+--------+

Top non-repeatable levels by time:
     D:1: 1062 daAuts
     D:2: 725 daAuts
